[ AOE2 MATCH · #460124084 ]
Team RMMalay vs Shu
[ REPLAY ANALYSIS · EXTRACTED FROM THE RECORDED GAME ]
Feudal
9:03
Castle
21:03
Imperial
43:25
| APM avg | 67.8 |
| APM peak | 108 |
| eAPM avg | 29.1 |
| Villagers / military | 141 / 353 |
Focus
⚔️ 32.8% · 🌾 67.2%
Archer ×166 · Skirmisher ×155 · Scout Cavalry ×20 · Trebuchet (Packed) ×10 · Mangonel ×2
Feudal
9:52
Castle
24:07
Imperial
40:37
| APM avg | 101.0 |
| APM peak | 212 |
| eAPM avg | 33.2 |
| Villagers / military | 229 / 490 |
Focus
⚔️ 56.7% · 🌾 43.3%
Spearman ×225 · Skirmisher ×131 · Archer ×126 · Unknown (1959) ×21 · Unknown (1942) ×4 · Unknown (1962) ×3
Feudal
9:11
Castle
23:43
Imperial
36:14
| APM avg | 48.3 |
| APM peak | 112 |
| eAPM avg | 14.6 |
| Villagers / military | 178 / 208 |
Focus
⚔️ 35.0% · 🌾 65.0%
Archer ×160 · Scout Cavalry ×37 · Knight ×6 · Trebuchet (Packed) ×3 · Spearman ×1 · Mangonel ×1
Feudal
11:35
Castle
16:38
Imperial
34:30
| APM avg | 33.7 |
| APM peak | 105 |
| eAPM avg | 19.2 |
| Villagers / military | 96 / 322 |
Focus
⚔️ 32.9% · 🌾 67.1%
Knight ×290 · Obuch ×25 · Trebuchet (Packed) ×6 · Spearman ×1
Feudal
9:52
Castle
22:59
Imperial
45:31
| APM avg | 40.7 |
| APM peak | 91 |
| eAPM avg | 25.5 |
| Villagers / military | 182 / 320 |
Focus
⚔️ 57.8% · 🌾 42.2%
Spearman ×122 · Scout Cavalry ×86 · Skirmisher ×66 · Knight ×36 · Camel Scout ×6 · Mameluke ×4
Feudal
10:07
Castle
23:04
Imperial
43:39
| APM avg | 36.9 |
| APM peak | 75 |
| eAPM avg | 18.5 |
| Villagers / military | 138 / 198 |
Focus
⚔️ 31.7% · 🌾 68.3%
Gbeto ×88 · Skirmisher ×50 · Scout Cavalry ×31 · Archer ×23 · Monk ×3 · Mangonel ×2
Match map
Initial resources + every placement click. Lines = walls · curves = elevation contours. ◆ gold · ⬟ stone · ● berries · ✦ relic · ◌ wall gap
Your base· Open — 10t gap
[WWW] sansuil's base· ✓ Closed at 24:07 · 45t walls · 2 gate(s)
[WWW] HelenaPurr's base· ✓ Closed at 23:43 · 58t walls · no gate
KOV4's base· ✓ Closed at 16:38 · 51t walls · no gate
[WWW-KT]YagaRetso_CL's base· ✓ Closed at 22:59 · 53t walls · 1 gate(s)
By.Diegao's base· ✓ Closed at 23:04 · 43t walls · 1 gate(s)
Smoothed initial terrain · ◌ = detected wall gap · hover for details
Inputs per minute
— joga waila - - [WWW] sansuil
Build order — joga waila
First 150 of 536 actions detected
| 0:01 | Create | Villager (Male) ×4 |
| 0:02 | Build | House |
| 0:03 | Build | House |
| 1:51 | Create | Villager (Male) |
| 2:00 | Create | Villager (Male) |
| 2:05 | Build | Lumber Camp |
| 2:20 | Create | Villager (Male) |
| 3:08 | Create | Villager (Male) |
| 3:20 | Create | Villager (Male) |
| 3:41 | Build | House |
| 3:45 | Build | House |
| 3:51 | Create | Villager (Male) |
| 4:17 | Create | Villager (Male) |
| 4:17 | Create | Villager (Male) |
| 4:40 | Create | Villager (Male) |
| 5:00 | Build | Mill |
| 5:36 | Create | Villager (Male) |
| 5:49 | Create | Villager (Male) |
| 6:18 | Create | Villager (Male) |
| 6:28 | Research | Loom |
| 6:39 | Build | House |
| 6:42 | Build | Palisade Wall |
| 7:45 | Research | Feudal Age |
| 8:00 | Build | Barracks |
| 8:28 | Build | House |
| 8:59 | Build | Farm |
| 9:03 | Age | Feudal Age |
| 9:12 | Build | Archery Range |
| 9:24 | Create | Villager (Male) |
| 9:31 | Create | Villager (Male) |
| 9:57 | Create | Villager (Male) |
| 10:18 | Build | Mining Camp |
| 10:26 | Create | Villager (Male) |
| 10:33 | Create | Archer |
| 10:39 | Create | Villager (Male) |
| 10:57 | Build | Palisade Wall |
| 11:00 | Research | Double-Bit Axe |
| 11:02 | Build | Palisade Wall |
| 11:04 | Build | Palisade Wall |
| 11:09 | Build | Palisade Wall |
| 11:10 | Build | Palisade Wall |
| 11:17 | Create | Archer |
| 11:23 | Create | Villager (Male) |
| 11:31 | Create | Villager (Male) |
| 11:44 | Create | Archer |
| 11:59 | Build | Farm |
| 12:19 | Build | Lumber Camp |
| 12:23 | Create | Archer |
| 12:33 | Build | Palisade Wall |
| 12:34 | Build | Palisade Wall |
| 12:37 | Build | Palisade Wall |
| 12:47 | Build | Blacksmith |
| 12:53 | Build | Palisade Wall |
| 13:04 | Build | Farm |
| 13:17 | Build | House |
| 13:20 | Build | Palisade Wall |
| 13:21 | Build | Palisade Wall |
| 13:26 | Build | Farm |
| 13:26 | Create | Villager (Male) |
| 13:36 | Research | Fletching |
| 13:39 | Create | Villager (Male) |
| 13:42 | Build | Farm |
| 13:56 | Create | Archer |
| 14:02 | Create | Villager (Male) |
| 14:03 | Build | Farm |
| 14:04 | Create | Villager (Male) |
| 14:06 | Build | Farm |
| 14:32 | Create | Archer |
| 14:33 | Create | Archer |
| 14:44 | Create | Villager (Male) |
| 14:44 | Create | Villager (Male) |
| 14:50 | Build | Farm |
| 15:19 | Research | Padded Archer Armor |
| 15:22 | Build | Farm |
| 15:28 | Create | Archer |
| 15:29 | Create | Archer |
| 15:37 | Build | Farm |
| 15:42 | Create | Villager (Male) |
| 15:45 | Build | House |
| 15:45 | Build | House |
| 15:48 | Create | Archer |
| 15:59 | Create | Villager (Male) |
| 16:04 | Build | Farm |
| 16:05 | Build | Farm |
| 16:05 | Build | Farm |
| 16:28 | Build | House |
| 16:29 | Build | House |
| 16:29 | Build | House |
| 16:30 | Build | House |
| 16:36 | Create | Archer |
| 17:09 | Create | Villager (Male) |
| 17:11 | Build | Farm |
| 17:11 | Build | Farm |
| 17:11 | Build | Farm |
| 17:11 | Build | Farm |
| 17:54 | Create | Archer |
| 17:54 | Create | Archer |
| 18:00 | Create | Archer |
| 18:16 | Create | Archer |
| 18:31 | Build | Market |
| 18:56 | Build | House |
| 18:58 | Build | Palisade Wall |
| 19:01 | Create | Archer |
| 19:01 | Create | Archer |
| 19:21 | Create | Archer |
| 19:27 | Research | Castle Age |
| 19:36 | Build | Archery Range |
| 19:44 | Create | Archer |
| 19:50 | Create | Villager (Male) |
| 20:08 | Create | Archer |
| 20:17 | Research | Gold Mining |
| 20:35 | Create | Archer |
| 21:03 | Age | Castle Age |
| 21:05 | Research | Crossbowman (upgrade) |
| 21:17 | Research | Bodkin Arrow |
| 21:41 | Build | House |
| 21:47 | Build | House |
| 21:48 | Build | House |
| 21:56 | Build | Town Center |
| 22:05 | Create | Archer |
| 22:05 | Create | Archer |
| 22:12 | Create | Villager (Male) |
| 22:20 | Build | Farm |
| 22:43 | Create | Villager (Male) |
| 22:43 | Create | Villager (Male) |
| 22:46 | Build | Lumber Camp |
| 22:52 | Create | Villager (Male) |
| 22:52 | Create | Villager (Male) |
| 22:52 | Create | Villager (Male) |
| 22:53 | Create | Villager (Male) |
| 23:18 | Research | Bow Saw |
| 23:31 | Create | Archer |
| 23:31 | Create | Archer |
| 23:38 | Create | Villager (Male) |
| 24:10 | Build | House |
| 24:13 | Build | House |
| 24:15 | Create | Archer |
| 24:16 | Create | Archer |
| 24:27 | Build | House |
| 25:03 | Create | Archer |
| 25:03 | Create | Archer |
| 25:03 | Create | Archer |
| 25:13 | Create | Archer |
| 25:14 | Create | Archer |
| 25:26 | Build | Farm |
| 25:35 | Create | Archer |
| 25:35 | Create | Archer |
| 25:40 | Build | University |
| 25:42 | Create | Archer |
| 25:43 | Create | Archer |
Build order — [WWW] sansuil
First 150 of 972 actions detected
| 0:01 | Create | Villager (Male) |
| 0:01 | Create | Villager (Male) |
| 0:03 | Build | House |
| 0:04 | Build | House |
| 0:04 | Create | Villager (Male) |
| 0:05 | Create | Villager (Male) |
| 1:26 | Create | Villager (Male) |
| 1:44 | Create | Villager (Male) |
| 1:58 | Build | Lumber Camp |
| 2:15 | Create | Villager (Male) |
| 2:36 | Create | Villager (Male) |
| 2:36 | Create | Villager (Male) |
| 3:00 | Create | Villager (Male) |
| 3:26 | Build | House |
| 3:34 | Create | Villager (Male) |
| 3:43 | Create | Villager (Male) |
| 4:10 | Create | Villager (Male) |
| 4:19 | Create | Villager (Male) |
| 4:19 | Create | Villager (Male) |
| 4:50 | Create | Villager (Male) |
| 4:50 | Create | Villager (Male) |
| 5:01 | Create | Villager (Male) |
| 5:06 | Build | House |
| 5:25 | Create | Villager (Male) |
| 5:25 | Create | Villager (Male) |
| 5:43 | Build | Mill |
| 5:48 | Create | Villager (Male) |
| 5:49 | Create | Villager (Male) |
| 5:55 | Create | Villager (Male) |
| 6:25 | Create | Villager (Male) |
| 6:45 | Create | Villager (Male) |
| 6:47 | Create | Villager (Male) |
| 6:47 | Create | Villager (Male) |
| 6:51 | Create | Villager (Male) |
| 6:51 | Create | Villager (Male) |
| 7:04 | Research | Loom |
| 7:42 | Research | Feudal Age |
| 7:56 | Create | Villager (Male) |
| 7:57 | Create | Villager (Male) |
| 8:05 | Create | Villager (Male) |
| 8:14 | Create | Villager (Male) |
| 8:21 | Create | Villager (Male) |
| 8:24 | Build | Barracks |
| 8:48 | Create | Villager (Male) |
| 8:48 | Create | Villager (Male) |
| 8:52 | Build | House |
| 8:56 | Build | Palisade Wall |
| 8:58 | Build | Palisade Wall |
| 8:58 | Build | Palisade Wall |
| 8:59 | Build | Palisade Wall |
| 9:01 | Build | Palisade Wall |
| 9:02 | Build | Palisade Wall |
| 9:02 | Build | Palisade Wall |
| 9:03 | Build | Palisade Wall |
| 9:04 | Build | Palisade Wall |
| 9:05 | Create | Villager (Male) |
| 9:05 | Create | Villager (Male) |
| 9:24 | Create | Villager (Male) |
| 9:52 | Age | Feudal Age |
| 9:55 | Build | Archery Range |
| 9:55 | Create | Villager (Male) |
| 9:58 | Create | Villager (Male) |
| 10:08 | Create | Villager (Male) |
| 10:13 | Create | Villager (Male) |
| 10:19 | Build | Archery Range |
| 10:25 | Create | Villager (Male) |
| 10:34 | Research | Double-Bit Axe |
| 10:36 | Create | Villager (Male) |
| 10:36 | Create | Villager (Male) |
| 10:40 | Create | Villager (Male) |
| 10:41 | Create | Villager (Male) |
| 10:42 | Create | Villager (Male) |
| 10:54 | Build | Mining Camp |
| 10:57 | Create | Villager (Male) |
| 11:02 | Build | Palisade Wall |
| 11:02 | Build | Palisade Wall |
| 11:23 | Create | Archer |
| 11:48 | Build | Blacksmith |
| 11:48 | Create | Villager (Male) |
| 11:52 | Create | Archer |
| 12:00 | Build | Palisade Wall |
| 12:01 | Build | Palisade Wall |
| 12:01 | Build | Palisade Wall |
| 12:02 | Build | Palisade Wall |
| 12:03 | Build | Palisade Wall |
| 12:06 | Build | House |
| 12:11 | Build | Palisade Wall |
| 12:17 | Build | Palisade Gate |
| 12:20 | Create | Villager (Male) |
| 12:27 | Create | Archer |
| 12:30 | Build | House |
| 12:32 | Build | House |
| 12:48 | Build | Lumber Camp |
| 13:01 | Create | Archer |
| 13:13 | Create | Villager (Male) |
| 13:13 | Create | Villager (Male) |
| 13:14 | Create | Villager (Male) |
| 13:15 | Create | Villager (Male) |
| 13:19 | Create | Villager (Male) |
| 13:21 | Create | Villager (Male) |
| 13:21 | Create | Villager (Male) |
| 13:28 | Create | Archer |
| 13:43 | Research | Fletching |
| 13:44 | Research | Padded Archer Armor |
| 13:44 | Create | Villager (Male) |
| 13:47 | Create | Villager (Male) |
| 13:48 | Create | Villager (Male) |
| 13:51 | Build | House |
| 13:53 | Build | Palisade Wall |
| 14:07 | Build | Farm |
| 14:09 | Build | Farm |
| 14:13 | Build | Farm |
| 14:15 | Build | Farm |
| 14:15 | Create | Villager (Male) |
| 14:17 | Create | Archer |
| 14:18 | Create | Archer |
| 14:18 | Create | Archer |
| 14:22 | Build | Palisade Gate |
| 15:01 | Create | Villager (Male) |
| 15:04 | Create | Villager (Male) |
| 15:06 | Create | Archer |
| 15:20 | Create | Villager (Male) |
| 15:24 | Create | Villager (Male) |
| 15:36 | Research | Gold Mining |
| 15:38 | Create | Villager (Male) |
| 15:39 | Create | Villager (Male) |
| 15:40 | Create | Villager (Male) |
| 15:43 | Build | House |
| 15:44 | Build | House |
| 15:46 | Build | Market |
| 15:46 | Create | Villager (Male) |
| 15:49 | Create | Villager (Male) |
| 15:56 | Build | Farm |
| 16:01 | Create | Villager (Male) |
| 16:06 | Build | Mining Camp |
| 16:17 | Research | Wheelbarrow |
| 16:18 | Create | Villager (Male) |
| 16:31 | Create | Archer |
| 16:47 | Build | House |
| 16:49 | Build | House |
| 16:53 | Create | Villager (Male) |
| 17:06 | Build | Farm |
| 17:06 | Create | Villager (Male) |
| 17:16 | Create | Archer |
| 17:17 | Create | Archer |
| 17:17 | Create | Archer |
| 17:30 | Create | Archer |
| 17:31 | Create | Archer |
| 17:44 | Create | Archer |
| 17:45 | Create | Archer |
Build order — [WWW] HelenaPurr
First 150 of 520 actions detected
| 0:00 | Create | Villager (Male) |
| 0:00 | Create | Villager (Male) |
| 0:01 | Create | Villager (Male) |
| 0:02 | Build | House |
| 0:03 | Build | House |
| 0:04 | Create | Villager (Male) |
| 0:04 | Create | Villager (Male) |
| 0:04 | Create | Villager (Male) |
| 1:35 | Create | Villager (Male) |
| 1:35 | Create | Villager (Male) |
| 1:35 | Create | Villager (Male) |
| 2:21 | Create | Villager (Male) |
| 2:21 | Create | Villager (Male) |
| 2:21 | Create | Villager (Male) |
| 2:21 | Create | Villager (Male) |
| 2:34 | Create | Villager (Male) |
| 2:34 | Create | Villager (Male) |
| 2:34 | Create | Villager (Male) |
| 2:40 | Build | Lumber Camp |
| 3:11 | Create | Villager (Male) |
| 3:11 | Create | Villager (Male) |
| 3:18 | Build | House |
| 3:30 | Create | Villager (Male) |
| 3:30 | Create | Villager (Male) |
| 3:36 | Create | Villager (Male) |
| 3:37 | Create | Villager (Male) |
| 4:13 | Create | Villager (Male) |
| 4:13 | Create | Villager (Male) |
| 4:13 | Create | Villager (Male) |
| 4:13 | Create | Villager (Male) |
| 4:13 | Create | Villager (Male) |
| 4:13 | Create | Villager (Male) |
| 4:13 | Create | Villager (Male) |
| 4:30 | Create | Villager (Male) |
| 4:30 | Create | Villager (Male) |
| 5:00 | Build | Mill |
| 5:25 | Create | Villager (Male) |
| 5:25 | Create | Villager (Male) |
| 6:02 | Create | Villager (Male) |
| 6:02 | Create | Villager (Male) |
| 6:12 | Research | Loom |
| 7:01 | Research | Feudal Age |
| 7:40 | Build | Barracks |
| 7:46 | Build | Barracks |
| 8:19 | Build | House |
| 8:20 | Build | Palisade Wall |
| 9:11 | Age | Feudal Age |
| 9:15 | Build | Mining Camp |
| 9:20 | Build | Archery Range |
| 9:36 | Research | Double-Bit Axe |
| 9:43 | Build | House |
| 9:45 | Build | Palisade Wall |
| 9:49 | Create | Spearman |
| 9:50 | Create | Villager (Male) |
| 9:50 | Create | Villager (Male) |
| 10:11 | Create | Archer |
| 10:11 | Create | Archer |
| 10:14 | Build | House |
| 10:20 | Build | Palisade Wall |
| 10:24 | Create | Archer |
| 10:26 | Create | Villager (Male) |
| 10:26 | Create | Villager (Male) |
| 10:33 | Create | Archer |
| 10:33 | Create | Archer |
| 11:02 | Build | House |
| 11:05 | Build | Palisade Wall |
| 11:11 | Build | House |
| 11:13 | Build | Palisade Wall |
| 11:15 | Create | Archer |
| 11:16 | Create | Archer |
| 11:16 | Create | Villager (Male) |
| 11:16 | Create | Villager (Male) |
| 11:36 | Build | Blacksmith |
| 11:50 | Create | Archer |
| 12:12 | Create | Villager (Male) |
| 12:12 | Create | Villager (Male) |
| 12:16 | Create | Archer |
| 12:17 | Create | Archer |
| 12:33 | Build | Archery Range |
| 12:42 | Create | Villager (Male) |
| 13:23 | Create | Archer |
| 13:54 | Create | Villager (Male) |
| 13:54 | Create | Villager (Male) |
| 13:54 | Create | Villager (Male) |
| 14:02 | Create | Archer |
| 14:02 | Create | Archer |
| 14:03 | Create | Archer |
| 14:12 | Research | Fletching |
| 14:17 | Create | Archer |
| 14:17 | Create | Archer |
| 14:17 | Create | Archer |
| 14:22 | Create | Archer ×2 |
| 14:23 | Create | Archer |
| 14:30 | Build | House |
| 14:32 | Build | Farm |
| 14:34 | Create | Villager (Male) |
| 14:35 | Create | Villager (Male) |
| 15:19 | Create | Archer |
| 15:21 | Create | Archer |
| 15:21 | Create | Archer |
| 15:34 | Build | Farm |
| 15:36 | Build | Farm |
| 15:39 | Build | Farm |
| 15:44 | Build | Farm |
| 15:48 | Build | House |
| 15:51 | Create | Archer |
| 15:51 | Create | Archer |
| 15:51 | Create | Archer |
| 15:52 | Create | Archer |
| 16:05 | Build | Farm |
| 16:08 | Build | Farm |
| 16:11 | Build | Farm |
| 16:13 | Create | Villager (Male) |
| 16:13 | Create | Villager (Male) |
| 16:22 | Build | House |
| 16:24 | Create | Archer |
| 16:24 | Create | Archer |
| 16:58 | Build | House |
| 17:02 | Build | Palisade Wall |
| 17:04 | Create | Archer |
| 17:22 | Create | Archer |
| 17:22 | Create | Archer |
| 17:22 | Create | Archer |
| 17:32 | Create | Villager (Male) |
| 17:33 | Create | Villager (Male) |
| 17:37 | Build | Farm |
| 17:49 | Build | Market |
| 17:57 | Research | Wheelbarrow |
| 18:16 | Create | Archer |
| 18:16 | Create | Archer |
| 19:15 | Create | Villager (Male) |
| 19:15 | Create | Villager (Male) |
| 19:54 | Create | Villager (Male) |
| 19:54 | Create | Villager (Male) |
| 19:54 | Create | Villager (Male) |
| 19:54 | Create | Archer |
| 19:56 | Create | Archer |
| 19:56 | Create | Archer |
| 20:28 | Build | Farm |
| 20:30 | Build | House |
| 20:37 | Build | House |
| 20:40 | Build | House |
| 20:43 | Build | Palisade Wall |
| 20:52 | Build | Lumber Camp |
| 21:03 | Research | Castle Age |
| 22:00 | Build | Archery Range |
| 22:12 | Build | Archery Range |
| 22:33 | Build | House |
| 22:48 | Build | House |
| 23:17 | Research | Gold Mining |
Build order — KOV4
First 150 of 386 actions detected
| 0:00 | Create | Villager (Male) |
| 0:00 | Create | Villager (Male) |
| 0:02 | Build | House |
| 0:03 | Build | House |
| 0:15 | Create | Villager (Male) |
| 0:25 | Create | Villager (Male) |
| 1:24 | Create | Villager (Male) |
| 1:43 | Build | Lumber Camp |
| 2:03 | Create | Villager (Male) |
| 2:31 | Create | Villager (Male) |
| 2:53 | Create | Villager (Male) |
| 3:05 | Create | Villager (Male) |
| 3:24 | Build | House |
| 3:31 | Build | House |
| 3:45 | Create | Villager (Male) |
| 3:56 | Build | Mill |
| 4:01 | Create | Villager (Male) |
| 4:29 | Create | Villager (Male) |
| 5:25 | Create | Villager (Male) |
| 6:01 | Build | Farm |
| 6:05 | Create | Villager (Male) |
| 6:07 | Create | Villager (Male) |
| 6:20 | Create | Villager (Male) |
| 6:43 | Create | Villager (Male) |
| 6:49 | Create | Villager (Male) |
| 7:33 | Create | Villager (Male) |
| 7:46 | Create | Villager (Male) |
| 8:00 | Create | Villager (Male) |
| 8:09 | Build | House |
| 8:20 | Build | Mining Camp |
| 8:30 | Build | Palisade Wall |
| 8:41 | Build | House |
| 8:44 | Build | House |
| 8:59 | Build | Palisade Wall |
| 9:02 | Build | Palisade Wall |
| 9:04 | Create | Villager (Male) |
| 9:07 | Research | Feudal Age |
| 9:16 | Build | Palisade Wall |
| 9:22 | Build | Palisade Wall |
| 9:25 | Build | House |
| 9:43 | Build | Palisade Wall |
| 9:52 | Build | Palisade Wall |
| 10:19 | Create | Villager (Male) |
| 10:37 | Build | Farm |
| 10:39 | Build | Farm |
| 10:40 | Build | Farm |
| 10:42 | Build | Farm |
| 10:43 | Build | Farm |
| 11:35 | Age | Feudal Age |
| 11:35 | Create | Villager (Male) |
| 11:36 | Research | Double-Bit Axe |
| 11:51 | Build | Farm |
| 12:03 | Create | Villager (Male) |
| 12:30 | Build | Market |
| 12:56 | Create | Villager (Male) |
| 13:07 | Create | Villager (Male) |
| 13:13 | Build | Blacksmith |
| 13:16 | Build | Palisade Wall |
| 13:49 | Build | Farm |
| 13:58 | Research | Castle Age |
| 14:02 | Build | Farm |
| 15:21 | Build | Barracks |
| 15:26 | Build | House |
| 16:06 | Research | Forging |
| 16:07 | Research | Scale Barding Armor |
| 16:14 | Build | Farm |
| 16:16 | Build | Farm |
| 16:23 | Create | Spearman |
| 16:38 | Age | Castle Age |
| 16:42 | Build | Stable |
| 16:59 | Build | Town Center |
| 17:00 | Create | Villager (Male) |
| 17:01 | Create | Villager (Male) |
| 17:05 | Build | Farm |
| 17:22 | Build | Stable |
| 17:37 | Create | Villager (Male) |
| 17:44 | Create | Knight |
| 17:49 | Build | House |
| 17:54 | Build | Farm |
| 17:57 | Create | Villager (Male) |
| 18:12 | Build | Farm |
| 18:13 | Build | Farm |
| 18:14 | Build | Farm |
| 18:17 | Build | Farm |
| 18:19 | Create | Knight |
| 18:39 | Create | Knight |
| 18:52 | Create | Knight |
| 19:13 | Create | Knight |
| 19:18 | Build | Farm |
| 19:26 | Create | Villager (Male) |
| 19:35 | Create | Knight |
| 19:47 | Create | Villager (Male) |
| 19:47 | Create | Villager (Male) |
| 19:58 | Build | Farm |
| 20:00 | Create | Villager (Male) |
| 20:12 | Create | Villager (Male) |
| 20:31 | Build | Farm |
| 20:33 | Create | Villager (Male) |
| 20:34 | Create | Villager (Male) |
| 20:47 | Build | Farm |
| 20:50 | Build | Farm |
| 21:06 | Build | Mining Camp |
| 21:08 | Create | Villager (Male) |
| 21:08 | Create | Villager (Male) |
| 21:09 | Create | Villager (Male) |
| 21:09 | Create | Villager (Male) |
| 21:30 | Research | Bloodlines |
| 21:43 | Research | Husbandry |
| 21:48 | Build | Farm |
| 21:49 | Build | Farm |
| 21:50 | Create | Villager (Male) |
| 21:51 | Create | Villager (Male) |
| 21:56 | Create | Villager (Male) |
| 22:08 | Create | Villager (Male) |
| 22:14 | Build | Farm |
| 22:32 | Create | Villager (Male) |
| 22:33 | Create | Villager (Male) |
| 22:39 | Build | Farm |
| 22:46 | Create | Villager (Male) |
| 22:47 | Create | Villager (Male) |
| 23:02 | Build | Farm |
| 23:04 | Create | Villager (Male) |
| 23:12 | Build | Farm |
| 23:15 | Build | House |
| 23:16 | Build | House |
| 23:25 | Build | Farm |
| 23:29 | Create | Knight |
| 23:30 | Create | Knight |
| 23:54 | Create | Villager (Male) |
| 23:55 | Create | Villager (Male) |
| 24:15 | Create | Villager (Male) |
| 24:15 | Create | Villager (Male) |
| 24:28 | Create | Villager (Male) |
| 24:28 | Create | Villager (Male) |
| 24:28 | Create | Villager (Male) |
| 24:28 | Create | Villager (Male) |
| 24:43 | Create | Villager (Male) |
| 24:43 | Create | Villager (Male) |
| 24:44 | Create | Villager (Male) |
| 24:44 | Create | Villager (Male) |
| 25:00 | Research | Wheelbarrow |
| 25:04 | Build | Town Center |
| 25:16 | Create | Villager (Male) |
| 25:16 | Create | Villager (Male) |
| 25:16 | Create | Villager (Male) |
| 25:17 | Create | Villager (Male) |
| 25:23 | Build | House |
| 25:24 | Build | House |
| 25:25 | Build | House |
| 25:28 | Create | Villager (Male) |
Build order — [WWW-KT]YagaRetso_CL
First 150 of 548 actions detected
| 0:10 | Create | Villager (Male) |
| 0:10 | Create | Villager (Male) |
| 0:11 | Create | Villager (Male) |
| 0:11 | Create | Villager (Male) |
| 0:14 | Build | House |
| 0:16 | Build | House |
| 1:05 | Build | Lumber Camp |
| 1:12 | Research | Loom |
| 2:17 | Create | Villager (Male) |
| 2:22 | Create | Villager (Male) |
| 2:41 | Create | Villager (Male) |
| 2:50 | Build | House |
| 2:51 | Build | House |
| 3:27 | Create | Villager (Male) |
| 3:28 | Create | Villager (Male) |
| 4:06 | Create | Villager (Male) |
| 4:17 | Create | Villager (Male) |
| 4:55 | Create | Villager (Male) |
| 4:55 | Create | Villager (Male) |
| 5:18 | Build | Mill |
| 5:41 | Create | Villager (Male) |
| 5:42 | Create | Villager (Male) |
| 6:31 | Create | Villager (Male) |
| 6:36 | Create | Villager (Male) |
| 7:42 | Research | Feudal Age |
| 8:06 | Build | Barracks |
| 8:08 | Build | House |
| 8:14 | Build | Palisade Wall |
| 8:35 | Build | Palisade Wall |
| 9:01 | Create | Villager (Male) |
| 9:33 | Create | Villager (Male) |
| 9:37 | Create | Villager (Male) |
| 9:52 | Age | Feudal Age |
| 9:56 | Research | Double-Bit Axe |
| 9:58 | Research | Horse Collar |
| 10:18 | Create | Villager (Male) |
| 10:24 | Build | Stable |
| 10:26 | Build | House |
| 10:30 | Create | Villager (Male) |
| 10:48 | Create | Spearman |
| 10:58 | Build | Blacksmith |
| 11:00 | Build | House |
| 11:07 | Create | Spearman |
| 11:22 | Build | House |
| 11:31 | Build | Palisade Wall |
| 11:37 | Build | Palisade Wall |
| 11:44 | Build | Palisade Gate |
| 11:46 | Create | Villager (Male) |
| 11:58 | Create | Villager (Male) |
| 12:11 | Build | Farm |
| 12:12 | Build | Farm |
| 12:24 | Create | Scout Cavalry |
| 12:30 | Build | Farm |
| 12:40 | Build | Farm |
| 12:55 | Build | Farm |
| 13:16 | Build | Farm |
| 13:19 | Build | Farm |
| 13:21 | Create | Scout Cavalry |
| 13:27 | Create | Villager (Male) |
| 13:31 | Build | Farm |
| 13:33 | Build | Farm |
| 13:34 | Build | Farm |
| 13:45 | Create | Villager (Male) |
| 13:48 | Build | Farm |
| 14:09 | Create | Scout Cavalry |
| 14:16 | Create | Villager (Male) |
| 14:19 | Build | Farm |
| 14:20 | Build | Farm |
| 14:21 | Build | Farm |
| 14:22 | Build | Farm |
| 14:38 | Build | Farm |
| 14:39 | Build | Farm |
| 14:53 | Create | Villager (Male) |
| 14:56 | Create | Scout Cavalry |
| 15:09 | Build | House |
| 15:10 | Build | House |
| 15:10 | Build | House |
| 15:21 | Build | Farm |
| 15:22 | Build | Farm |
| 15:27 | Create | Villager (Male) |
| 15:39 | Create | Villager (Male) |
| 15:41 | Create | Scout Cavalry |
| 15:58 | Create | Villager (Male) |
| 16:03 | Build | Mining Camp |
| 16:14 | Create | Scout Cavalry |
| 16:17 | Create | Villager (Male) |
| 16:59 | Build | Farm |
| 17:00 | Build | Farm |
| 17:03 | Build | Farm |
| 17:04 | Build | Farm |
| 17:08 | Research | Wheelbarrow |
| 17:09 | Create | Villager (Male) |
| 17:33 | Research | Scale Barding Armor |
| 17:41 | Build | Lumber Camp |
| 19:03 | Create | Villager (Male) |
| 19:03 | Create | Villager (Male) |
| 19:44 | Build | Farm |
| 19:45 | Build | Farm |
| 19:47 | Create | Villager (Male) |
| 19:52 | Build | House |
| 19:53 | Build | House |
| 19:55 | Build | House |
| 19:56 | Build | House |
| 20:19 | Research | Castle Age |
| 20:24 | Research | Forging |
| 20:38 | Research | Gold Mining |
| 20:59 | Research | Fletching |
| 21:10 | Build | Stable |
| 21:12 | Build | Stable |
| 21:14 | Build | House |
| 21:16 | Build | House |
| 21:45 | Research | Bloodlines |
| 21:51 | Research | Stone Mining |
| 22:07 | Create | Scout Cavalry |
| 22:08 | Create | Scout Cavalry |
| 22:46 | Create | Scout Cavalry |
| 22:46 | Create | Scout Cavalry |
| 22:48 | Create | Scout Cavalry |
| 22:59 | Age | Castle Age |
| 23:08 | Build | Town Center |
| 23:14 | Build | Town Center |
| 23:21 | Research | Light Cavalry (upgrade) |
| 23:22 | Research | Husbandry |
| 23:27 | Build | House |
| 23:30 | Build | House |
| 24:48 | Create | Villager (Male) |
| 24:48 | Create | Villager (Male) |
| 24:49 | Create | Villager (Male) |
| 24:49 | Create | Villager (Male) |
| 25:06 | Create | Camel Scout ×3 |
| 26:27 | Build | Palisade Gate |
| 26:30 | Build | House |
| 26:35 | Create | Villager (Male) |
| 26:35 | Create | Villager (Male) |
| 26:36 | Create | Villager (Male) |
| 26:39 | Create | Knight |
| 26:39 | Create | Knight |
| 26:48 | Create | Villager (Male) |
| 26:56 | Build | Farm |
| 26:57 | Build | Farm |
| 26:57 | Build | Farm |
| 27:03 | Build | Farm |
| 27:04 | Build | Farm |
| 27:06 | Create | Villager (Male) |
| 27:08 | Build | Farm |
| 27:09 | Build | Farm |
| 27:10 | Build | Farm |
| 27:10 | Build | Farm |
| 27:13 | Create | Villager (Male) |
| 27:28 | Create | Villager (Male) |
Build order — By.Diegao
First 150 of 531 actions detected
| 0:01 | Create | Villager (Male) |
| 0:01 | Create | Villager (Male) |
| 0:02 | Create | Villager (Male) |
| 0:02 | Create | Villager (Male) |
| 0:03 | Build | House |
| 0:04 | Build | House |
| 1:25 | Create | Villager (Male) |
| 2:07 | Create | Villager (Male) |
| 2:09 | Create | Villager (Male) |
| 2:12 | Build | Lumber Camp |
| 2:41 | Create | Villager (Male) |
| 3:03 | Build | House |
| 3:17 | Create | Villager (Male) |
| 3:36 | Create | Villager (Male) |
| 3:52 | Create | Villager (Male) |
| 4:09 | Research | Loom |
| 4:11 | Create | Villager (Male) |
| 4:16 | Build | Mill |
| 4:51 | Create | Villager (Male) |
| 4:51 | Create | Villager (Male) |
| 5:00 | Build | House |
| 5:08 | Create | Villager (Male) |
| 5:25 | Create | Villager (Male) |
| 5:30 | Create | Villager (Male) |
| 5:56 | Create | Villager (Male) |
| 7:15 | Create | Villager (Male) |
| 7:43 | Build | House |
| 7:53 | Research | Feudal Age |
| 8:26 | Create | Villager (Male) |
| 8:26 | Create | Villager (Male) |
| 9:10 | Build | Barracks |
| 9:12 | Build | House |
| 9:24 | Build | Palisade Wall |
| 9:33 | Build | Palisade Wall |
| 10:07 | Age | Feudal Age |
| 10:13 | Create | Villager (Male) |
| 10:13 | Create | Villager (Male) |
| 10:19 | Build | Stable |
| 10:34 | Build | House |
| 10:54 | Create | Villager (Male) |
| 11:10 | Research | Double-Bit Axe |
| 11:32 | Build | House |
| 11:58 | Build | Palisade Gate |
| 12:25 | Create | Scout Cavalry |
| 12:35 | Build | Mining Camp |
| 12:50 | Create | Villager (Male) |
| 12:50 | Create | Villager (Male) |
| 12:50 | Create | Villager (Male) |
| 12:54 | Build | Farm |
| 12:54 | Build | Farm |
| 12:54 | Build | Farm |
| 13:06 | Build | Market |
| 13:14 | Create | Villager (Male) |
| 13:14 | Create | Villager (Male) |
| 13:17 | Build | Farm |
| 13:26 | Build | Archery Range |
| 13:45 | Build | Farm |
| 14:13 | Build | Lumber Camp |
| 14:22 | Create | Skirmisher |
| 14:22 | Create | Skirmisher |
| 14:23 | Create | Skirmisher |
| 14:23 | Create | Skirmisher |
| 14:28 | Build | Lumber Camp |
| 14:35 | Create | Villager (Male) |
| 14:36 | Create | Villager (Male) |
| 15:06 | Build | Watch Tower |
| 15:11 | Build | Farm |
| 15:34 | Create | Skirmisher |
| 15:34 | Create | Skirmisher |
| 15:34 | Create | Skirmisher |
| 15:41 | Build | Blacksmith |
| 15:47 | Create | Villager (Male) |
| 15:47 | Create | Villager (Male) |
| 16:02 | Build | Blacksmith |
| 16:06 | Build | House |
| 16:07 | Build | House |
| 16:25 | Create | Villager (Male) |
| 16:29 | Research | Fletching |
| 16:37 | Build | Lumber Camp |
| 16:55 | Build | House |
| 16:57 | Build | House |
| 17:12 | Create | Villager (Male) |
| 17:22 | Build | House |
| 17:25 | Build | House |
| 17:28 | Build | House |
| 17:32 | Build | Farm |
| 17:35 | Create | Skirmisher |
| 17:52 | Build | Archery Range |
| 18:16 | Build | House |
| 19:16 | Build | Farm |
| 19:23 | Create | Skirmisher |
| 19:24 | Create | Skirmisher |
| 19:25 | Create | Villager (Male) |
| 19:25 | Create | Villager (Male) |
| 19:47 | Build | House |
| 19:50 | Build | House |
| 20:04 | Build | Farm |
| 20:11 | Build | House |
| 20:18 | Build | Barracks |
| 20:20 | Build | House |
| 20:24 | Research | Castle Age |
| 21:14 | Research | Gold Mining |
| 21:57 | Research | Padded Archer Armor |
| 21:59 | Create | Villager (Male) |
| 21:59 | Create | Villager (Male) |
| 22:02 | Create | Archer |
| 22:03 | Create | Archer |
| 22:03 | Create | Archer |
| 22:03 | Create | Archer |
| 22:03 | Create | Archer |
| 22:04 | Create | Archer |
| 22:04 | Create | Archer |
| 22:04 | Create | Archer |
| 22:04 | Create | Archer |
| 22:05 | Create | Archer |
| 22:05 | Create | Archer |
| 22:05 | Create | Archer |
| 22:13 | Build | Archery Range |
| 23:04 | Age | Castle Age |
| 23:14 | Build | Town Center |
| 23:30 | Research | Elite Skirmisher (upgrade) |
| 23:31 | Research | Crossbowman (upgrade) |
| 23:35 | Create | Archer |
| 23:35 | Create | Archer |
| 23:41 | Build | Farm |
| 23:52 | Create | Villager (Male) |
| 24:00 | Create | Archer |
| 24:00 | Create | Archer |
| 24:12 | Build | House |
| 24:29 | Build | Palisade Wall |
| 24:32 | Build | Palisade Gate |
| 24:41 | Create | Archer |
| 24:41 | Create | Archer |
| 24:42 | Create | Archer |
| 24:43 | Create | Villager (Male) |
| 24:43 | Create | Villager (Male) |
| 24:52 | Create | Villager (Male) |
| 25:06 | Create | Archer |
| 25:18 | Create | Archer |
| 25:19 | Create | Archer |
| 25:27 | Build | Farm |
| 25:32 | Build | Mining Camp |
| 25:51 | Build | University |
| 25:58 | Create | Skirmisher |
| 25:58 | Create | Skirmisher |
| 25:58 | Create | Skirmisher |
| 25:59 | Create | Archer |
| 26:00 | Create | Villager (Male) |
| 26:00 | Create | Villager (Male) |
| 26:24 | Create | Skirmisher |
Match timeline
| 6:42 | joga waila · wall_segment Palisade Wall x3 |
| 7:40 | [WWW] HelenaPurr · first_building Barracks |
| 8:00 | joga waila · first_building Barracks |
| 8:06 | [WWW-KT]YagaRetso_CL · first_building Barracks |
| 8:14 | [WWW-KT]YagaRetso_CL · wall_segment Palisade Wall x18 |
| 8:20 | [WWW] HelenaPurr · wall_segment Palisade Wall x2 |
| 8:24 | [WWW] sansuil · first_building Barracks |
| 8:30 | KOV4 · wall_segment Palisade Wall x12 |
| 8:35 | [WWW-KT]YagaRetso_CL · wall_segment Palisade Wall x7 |
| 8:56 | [WWW] sansuil · wall_segment Palisade Wall x1 |
| 8:58 | [WWW] sansuil · wall_segment Palisade Wall x1 |
| 8:58 | [WWW] sansuil · wall_segment Palisade Wall x1 |
| 8:59 | [WWW] sansuil · wall_segment Palisade Wall x1 |
| 8:59 | KOV4 · wall_segment Palisade Wall x2 |
| 9:01 | [WWW] sansuil · wall_segment Palisade Wall x1 |
| 9:02 | KOV4 · wall_segment Palisade Wall x3 |
| 9:02 | [WWW] sansuil · wall_segment Palisade Wall x1 |
| 9:02 | [WWW] sansuil · wall_segment Palisade Wall x1 |
| 9:03 | [WWW] sansuil · wall_segment Palisade Wall x1 |
| 9:03 | joga waila · age_up feudal |
| 9:04 | [WWW] sansuil · wall_segment Palisade Wall x1 |
| 9:10 | By.Diegao · first_building Barracks |
| 9:11 | [WWW] HelenaPurr · age_up feudal |
| 9:12 | joga waila · first_building Archery Range |
| 9:16 | KOV4 · wall_segment Palisade Wall x9 |
| 9:20 | [WWW] HelenaPurr · first_building Archery Range |
| 9:22 | KOV4 · wall_segment Palisade Wall x6 |
| 9:24 | By.Diegao · wall_segment Palisade Wall x25 |
| 9:33 | By.Diegao · wall_segment Palisade Wall x18 |
| 9:43 | KOV4 · wall_segment Palisade Wall x12 |
| 9:45 | [WWW] HelenaPurr · wall_segment Palisade Wall x8 |
| 9:52 | [WWW] sansuil · age_up feudal |
| 9:52 | KOV4 · wall_segment Palisade Wall x6 |
| 9:52 | [WWW-KT]YagaRetso_CL · age_up feudal |
| 9:55 | [WWW] sansuil · first_building Archery Range |
| 10:07 | By.Diegao · age_up feudal |
| 10:19 | By.Diegao · first_building Stable |
| 10:20 | [WWW] HelenaPurr · wall_segment Palisade Wall x14 |
| 10:24 | [WWW-KT]YagaRetso_CL · first_building Stable |
| 10:57 | joga waila · wall_segment Palisade Wall x4 |
| 11:02 | [WWW] sansuil · wall_segment Palisade Wall x6 |
| 11:02 | joga waila · wall_segment Palisade Wall x1 |
| 11:02 | [WWW] sansuil · wall_segment Palisade Wall x3 |
| 11:04 | joga waila · wall_segment Palisade Wall x1 |
| 11:05 | [WWW] HelenaPurr · wall_segment Palisade Wall x7 |
| 11:09 | joga waila · wall_segment Palisade Wall x1 |
| 11:10 | joga waila · wall_segment Palisade Wall x1 |
| 11:13 | [WWW] HelenaPurr · wall_segment Palisade Wall x5 |
| 11:31 | [WWW-KT]YagaRetso_CL · wall_segment Palisade Wall x13 |
| 11:35 | KOV4 · age_up feudal |
| 11:37 | [WWW-KT]YagaRetso_CL · wall_segment Palisade Wall x15 |
| 12:00 | [WWW] sansuil · wall_segment Palisade Wall x1 |
| 12:01 | [WWW] sansuil · wall_segment Palisade Wall x1 |
| 12:01 | [WWW] sansuil · wall_segment Palisade Wall x1 |
| 12:02 | [WWW] sansuil · wall_segment Palisade Wall x1 |
| 12:03 | [WWW] sansuil · wall_segment Palisade Wall x1 |
| 12:11 | [WWW] sansuil · wall_segment Palisade Wall x1 |
| 12:33 | joga waila · wall_segment Palisade Wall x1 |
| 12:34 | joga waila · wall_segment Palisade Wall x1 |
| 12:37 | joga waila · wall_segment Palisade Wall x1 |
| 12:53 | joga waila · wall_segment Palisade Wall x4 |
| 13:16 | KOV4 · wall_segment Palisade Wall x1 |
| 13:20 | joga waila · wall_segment Palisade Wall x5 |
| 13:21 | joga waila · wall_segment Palisade Wall x1 |
| 13:26 | By.Diegao · first_building Archery Range |
| 13:53 | [WWW] sansuil · wall_segment Palisade Wall x9 |
| 15:21 | KOV4 · first_building Barracks |
| 16:38 | KOV4 · age_up castle |
| 16:42 | KOV4 · first_building Stable |
| 17:02 | [WWW] HelenaPurr · wall_segment Palisade Wall x10 |
| 18:58 | joga waila · wall_segment Palisade Wall x10 |
| 19:26 | joga waila · first_market_sell 100 food |
| 19:27 | [WWW] sansuil · wall_segment Palisade Wall x7 |
| 19:27 | By.Diegao · first_market_buy 100 food |
| 19:28 | [WWW] sansuil · wall_segment Palisade Wall x6 |
| 19:34 | By.Diegao · first_market_sell 100 wood |
| 20:35 | [WWW] sansuil · first_market_buy 100 food |
| 20:43 | [WWW] HelenaPurr · wall_segment Palisade Wall x12 |
| 21:03 | joga waila · age_up castle |
| 21:42 | KOV4 · first_market_buy 100 food |
| 22:59 | [WWW-KT]YagaRetso_CL · age_up castle |
| 23:04 | By.Diegao · age_up castle |
| 23:43 | [WWW] HelenaPurr · age_up castle |
| 24:07 | [WWW] sansuil · age_up castle |
| 24:18 | [WWW] sansuil · first_building Siege Workshop |
| 24:29 | By.Diegao · wall_segment Palisade Wall x7 |
| 25:30 | [WWW] HelenaPurr · wall_segment Palisade Wall x1 |
| 27:31 | KOV4 · first_building Castle |
| 27:56 | [WWW] sansuil · first_market_sell 100 food |
| 28:15 | [WWW] sansuil · first_building Monastery |
| 28:17 | joga waila · wall_segment Palisade Wall x5 |
| 28:55 | [WWW] HelenaPurr · first_building Siege Workshop |
| 29:24 | KOV4 · wall_segment Stone Wall x6 |
| 29:30 | KOV4 · wall_segment Stone Wall x5 |
| 29:37 | KOV4 · wall_segment Stone Wall x3 |
| 29:51 | KOV4 · wall_segment Stone Wall x9 |
| 29:56 | KOV4 · wall_segment Stone Wall x8 |
| 30:24 | joga waila · first_building Siege Workshop |
| 31:43 | [WWW] sansuil · first_building Castle |
| 33:43 | By.Diegao · first_building Monastery |
| 34:10 | By.Diegao · first_building Castle |
| 34:30 | KOV4 · age_up imperial |
| 36:14 | [WWW] HelenaPurr · age_up imperial |
| 38:06 | joga waila · first_building Castle |
| 38:56 | KOV4 · wall_segment Stone Wall x13 |
| 39:08 | KOV4 · wall_segment Stone Wall x17 |
| 40:37 | [WWW] sansuil · age_up imperial |
| 41:44 | [WWW] HelenaPurr · first_building Castle |
| 41:53 | [WWW-KT]YagaRetso_CL · first_building Monastery |
| 41:56 | By.Diegao · first_building Siege Workshop |
| 43:25 | joga waila · age_up imperial |
| 43:27 | KOV4 · wall_segment Stone Wall x12 |
| 43:35 | KOV4 · wall_segment Stone Wall x5 |
| 43:39 | By.Diegao · age_up imperial |
| 45:21 | [WWW-KT]YagaRetso_CL · first_building Castle |
| 45:31 | [WWW-KT]YagaRetso_CL · age_up imperial |
| 46:38 | [WWW-KT]YagaRetso_CL · first_market_sell 100 food |
| 53:23 | [WWW-KT]YagaRetso_CL · first_building Archery Range |
| 54:03 | [WWW] HelenaPurr · first_building Stable |
| 58:11 | joga waila · first_building Stable |
| 58:51 | [WWW-KT]YagaRetso_CL · resign |
[ AI ANALYSIS · 1 CREDIT ]
What really happened in this match?
Wolo.gg analyzes every decision: build order, eco, micro, common mistakes by bracket. Personalized analysis on WhatsApp or Discord in 30 seconds.
Civ guide
Malay
Map guide
Arabia
Perfil
Jugador #2156702